 Dungeon Crawl Stone Soup version 0.31-a0-236-g9a0961fb85 (webtiles) character file.

Game seed: 5617421047519428856

528 Shard1697 the Cleaver (level 7, -1/60 HPs)
             Began as a Meteoran Fighter on July 10, 2023.
             Was an Initiate of Hepliaklqana.
             Slain by a phantom (6 damage)
             ... on level 5 of the Dungeon.
             The game lasted 00:06:56 (1649 turns).

Shard1697 the Cleaver (Meteoran Fighter)            Turns: 1649, Time: 00:06:56

Health: -1/60      AC: 10    Str: 19    XL:     7   Next: 77%
Magic:  8/8        EV:  9    Int:  9    God:    Hepliaklqana [......]
Gold:   164        SH:  5    Dex: 15    Spells: 6/6 levels left

rFire   + . .        a - +0 war axe
rCold   . . .        c - +0 buckler
rNeg    + . .        b - +0 scale mail
rPois   .            n - +2 helmet
rElec   .            (no cloak)
rCorr   .            (no gloves)
SInv    .            (no boots)
Will    +....        (no amulet) Stlth
                     m - ring of positive energy
HPRegen 0.30/turn    q - ring of protection from fire
MPRegen 0.11/turn

%: no passive effects
@: brilliant, weakened, attractive, enlightened, flying, glowing
A: sense surroundings 1, otherworldly, glowing, explore regen
a: Renounce Religion


You were on level 5 of the Dungeon.
You worshipped Hepliaklqana.
Hepliaklqana was noncommittal.
You visited 1 branch of the dungeon, and saw 5 of its levels.

You collected 164 gold pieces.

Inventory:

Hand Weapons
 a - a +0 war axe (weapon)
 d - a +4 dire flail of holy wrath
 j - the +3 dagger of Dishonesty {venom, +Blink rN+ MP+9 Str-4}
   (You took it off a hobgoblin on level 2 of the Dungeon)

   Str:       It affects your strength (-4).
   rN:        It protects you from negative energy.
   MP:        It affects your magic capacity (+9).
   +Blink:    It lets you blink.
Armour
 b - a +0 scale mail (worn)
 c - a +0 buckler (worn)
 n - a +2 helmet (worn)
Jewellery
 m - a ring of positive energy (left hand)
 q - a ring of protection from fire (right hand)
Scrolls
 e - 2 scrolls of brand weapon {unknown}
 f - a scroll of revelation {unknown}
 k - 5 scrolls of identify {unknown}
 l - 2 scrolls of noise {unknown}
 o - a scroll of poison {unknown}
 r - a scroll of enchant weapon {unknown}
Potions
 g - a potion of curing
 h - a potion of brilliance


   Skills:
 + Level 4.9 Fighting
 + Level 8.3 Axes
 - Level 3.6 Armour
 - Level 3.6 Shields


You had 6 spell levels left.
You didn't know any spells.
Your spell library contained the following spells:

 Spells                   Type           Power      Damage    Failure   Level
 Apportation              Tloc           0%         N/A       83%         1
 Kiss of Death            Conj/Necr      0%         2d5       83%         1
 Confusing Touch          Hex            0%         N/A       99%         3
 Dispel Undead            Necr           0%         3d6       100%        4
 Alistair's Intoxication  Tmut/Pois      0%         N/A       100%        5


Dungeon Overview and Level Annotations

Branches:
Dungeon (5/15) Zot: 1297
 Temple: D:4-7

Altars:
Hepliaklqana


Innate Abilities, Weirdness & Mutations

You passively map a small area around you.
You are easily found by Zot.
You glow in the dark.
You regain HP and MP as you explore.


Message History

You hit the gnoll bouda but do no damage.
The gnoll bouda is heavily wounded.
You barely miss the phantom. You block the gnoll's attack.
The gnoll bouda closely misses you.
The phantom hits you but does no damage.
You barely miss the gnoll bouda.
The gnoll bouda is heavily wounded.
You completely miss the phantom. The gnoll hits you but does no damage.
The phantom hits you but does no damage.
The gnoll bouda hits you with a +0 club!
* * * LOW HITPOINT WARNING * * *
The gnoll hits you from afar with a +0 spear.
* * * LOW HITPOINT WARNING * * *
You feel better. You block the phantom's attack.
The gnoll bouda barely misses you. The gnoll barely misses you.
It was a potion of brilliance.
You feel clever all of a sudden.
Your attacks no longer feel as feeble.
The phantom hits you.
* * * LOW HITPOINT WARNING * * *
The gnoll bouda misses you. The gnoll barely misses you.
Okay, then.
Okay, then.
The phantom hits you.
* * * LOW HITPOINT WARNING * * *
The gnoll bouda hits you with a +0 club.
* * * LOW HITPOINT WARNING * * *
The gnoll hits you but does no damage.
Things that are here:
a +1 whip of holy wrath; a gnoll corpse It was a potion of attraction.
You feel attractive to monsters.
The gnoll bouda gazes fiercely through you!
You feel your attacks grow feeble. You block the gnoll bouda's attack.
The phantom hits you but does no damage.
The gnoll hits you but does no damage.
It was a potion of enlightenment.
You feel very buoyant.
You fly up into the air.
The phantom hits you.
You die...

,...............P###.,
.....$....##.#.P.... ,
♣...#......#.#.....
,.* ♣P. #...........#
.. ♣
#...........##,..#*
,#.............#....
...(.............$.##
,.............g.####..
..#.........W@#####.#
#......#.##.g...#.# *
##......###......##
#.....# #........#
.....* #......### **
.#... #......# ##..#
#.....## #...##......#
* ,#..........##


You could see a phantom, a gnoll bouda and a gnoll (swift).

Vanquished Creatures
  Edmund (D:4)
  An ogre (D:4)
  A scorpion (D:4)
  2 jellies (D:4)
  An orc wizard (D:4)
  5 adders
  5 gnolls
  A white imp (D:4)
  A worm (D:4)
  12 orcs
  7 bats
  6 endoplasms
  4 giant cockroaches
  7 hobgoblins
  3 jackals (D:3)
  2 quokkas
  10 ball pythons
  5 goblins
  3 kobolds
  6 rats
83 creatures vanquished.

Vanquished Creatures (others)
  A ball python (D:2)
1 creature vanquished.

Grand Total: 84 creatures vanquished

Notes
Turn   | Place    | Note
-------+----------+-------------------------------------------
     0 | D:1      | Shard1697 the Meteoran Fighter began the quest for the Orb.
     0 | D:1      | Reached XP level 1. HP: 19/19 MP: 2/2
   181 | D:1      | Reached skill level 3 in Axes
   181 | D:1      | Reached XP level 2. HP: 19/26 MP: 3/3
   353 | D:2      | Reached skill level 4 in Axes
   353 | D:2      | Reached XP level 3. HP: 31/31 MP: 4/4
   433 | D:2      | Identified the +3 dagger of Dishonesty {venom, +Blink rN+
                  | MP+9 Str-4}
   540 | D:2      | Reached XP level 4. HP: 32/38 MP: 5/5
   572 | D:2      | Found a faded altar of an unknown god.
   766 | D:3      | Reached skill level 5 in Axes
   924 | D:3      | Reached XP level 5. HP: 45/45 MP: 6/6
  1072 | D:4      | Noticed Edmund
  1084 | D:4      | Killed Edmund
  1085 | D:4      | Reached skill level 7 in Axes
  1085 | D:4      | Reached XP level 6. HP: 9/51 MP: 7/7
  1219 | D:4      | Reached XP level 7. HP: 48/58 MP: 8/8
  1387 | D:4      | Reached skill level 8 in Axes
  1510 | D:4      | Found a hazy altar of Hepliaklqana.
  1520 | D:4      | Became a worshipper of Hepliaklqana the Forgotten
  1593 | D:5      | Entered Level 5 of the Dungeon
  1649 | D:5      | Slain by a phantom

Illustrated notes

Levels and vault maps discovered:
D:1:      heliophobic_arrival_glass_houses, layout_loops_cross, chequers_avenue,
          patterned_corridor
D:2:      layout_basic, hellmonk_ecumenical_altar_defaced_shrine,
          minmay_randomly_rotated_circles
D:3:      layout_loops_ring, tgw_xom, minmay_liquid_box
D:4:      cheibrodos_quashed, layout_loops_cross, kennysheep_little_box,
          hangedman_abyss_or_decor_slice, uniq_edmund
D:5:      layout_cave_pools, kiku_gazebo_garden_becter, kennysheep_boxes,
          uniq_eustachio

Skill      XL: |  1  2  3  4  5  6  7 |
---------------+----------------------+-----
Axes           | 3 4 5 7 8 |  8.3
Fighting       | 4 |  4.9
Armour         | |  3.6
Shields        | |  3.6

Action                     |  1- 3 |  4- 6 |  7- 9 || total
---------------------------+-------+-------+-------++-------
  Melee: War axe           |    59 |   101 |    66 ||   226
    Use: Potion            |       |     1 |     5 ||     6
 Armour: Scale mail        |    30 |    43 |    51 ||   124
  Dodge: Dodged            |    27 |    37 |    35 ||    99
  Block: Buckler           |    11 |    29 |    19 ||    59

Table legend: (Time is in decaauts)
 A = Elapsed time spent in this place.
 B = Non-inter-level travel time spent in this place.
 C = Inter-level travel time spent in this place.
 D = Time resting spent in this place.
 E = Time spent auto-exploring this place.
 F = Levels seen in this place.
 G = Mean time per level.
                   A        B        C        D        E       F      G
               +--------+--------+--------+--------+--------+-----+--------+
         Total |   1702 |   1523 |    179 |      0 |     71 |   5 |  340.4 |
       Dungeon |   1702 |   1523 |    179 |      0 |     71 |   5 |  340.4 |
               +--------+--------+--------+--------+--------+-----+--------+

Top non-repeatable levels by time:
     D:4: 536 daAuts
     D:2: 430 daAuts
     D:1: 346 daAuts
     D:3: 331 daAuts
     D:5: 57 daAuts
